cohdb
Replays
Latest Replays
All Replays
Popular Replays
Top Player Replays
Match Explorer
How It Works
Community
CoH3 Stats
Reddit
Sign in to upload your games and track your stats! →
Sign in with Steam
Match 41055395
Unlisted
Match 41055395
Overview
Messages
Build Orders
End
Construct Barracks
Riflemen Squad
Selects Airborne Battlegroup
Selects Pathfinders
Riflemen Squad
Grenade Package
Riflemen Squad
1⁄4-ton 4x4 Truck
Air Support Center
Selects Paratrooper Squad Paradrop
M1918 Browning Automatic Rifles
Grasshopper Recon Run
Double Sortie
P-47 Strafing Run
Paratrooper Squad Paradrop
Grasshopper Recon Run
Selects Recon Loiter
Selects Supply Drop
Supply Drop
Paratrooper Squad Paradrop
Construct Weapon Support Center
P-47 Strafing Run
Supply Drop
Construct Tank Depot
Recon Loiter
Supply Drop
Grasshopper Recon Run
Recon Loiter
Supply Drop
Selects Carpet Bombing Run
P-47 Dive Bomb
P-47 Strafing Run
Paratrooper Squad Paradrop
Grasshopper Recon Run
Carpet Bombing Run
Supply Drop
Recon Loiter
Grasshopper Recon Run
DuDe
킴스
摩诘
神鹰
aleptos
cobra delta
Valdai
田七
0
0
Comments
sign in to comment!
No comments posted yet!